 Dungeon Crawl Stone Soup version 0.18-a0-1327-gce91241 (webtiles) character file.

72112 Duskembrace the Maledictor (level 15, -13/63 HPs)
             Began as a Felid Enchanter on Feb 16, 2016.
             Was the Champion of Dithmenos.
             Killed from afar by a shock serpent (31 damage)
             ... with a bolt of electricity
             ... on level 4 of the Snake Pit.
             The game lasted 02:18:13 (32284 turns).

Duskembrace the Maledictor (Felid Enchanter)       Turns: 32284, Time: 02:18:13

Health: -13/63     AC:  3    Str:  4    XL:     15   Next: 0%
Magic:  30/33      EV: 32    Int: 22    God:    Dithmenos [******]
Gold:   1765       SH:  4    Dex: 21    Spells: 9 memorised, 4 levels left
                                        Lives:  0   Deaths: 4

rFire  + . .     SeeInvis +       - Unarmed
rCold  + . .     Gourm    .     (armour unavailable)
rNeg   . . .     Faith    .     (shield unavailable)
rPois  .         Spirit   .     (helmet unavailable)
rElec  .         Dismiss  .     (cloak unavailable)
rCorr  .         Reflect  +     (gloves unavailable)
SustAt .         Harm     .     (boots unavailable)
MR     ++...                    i - +4 amulet of reflection
Stlth  ++++++++++               M - +3 ring of dexterity
                                F - ring of stealth

@: wreathed by umbra, quick, very resistant to hostile enchantments, uncannily
stealthy
A: no armour, no weapons or thrown items, claws 1, fangs 3, see invisible,
carnivore 3, fire resistance 1, speed 1, shaggy fur 3, slow metabolism 1, sharp
paws
a: Shadow Step, Shadow Form, Renounce Religion


You were on level 4 of the Snake Pit.
You worshipped Dithmenos.
Dithmenos was exalted by your worship.
You were not hungry.

You visited 5 branches of the dungeon, and saw 30 of its levels.
You also visited: Labyrinth, Bailey and Ice Cave.

You collected 2082 gold pieces.
You spent 317 gold pieces at shops.

Inventory:

Jewellery
 d - an uncursed ring of protection from magic
 f - an uncursed ring of magical power
 i - a +4 amulet of reflection (around neck)
 y - an uncursed ring of protection from cold
 F - a ring of stealth (left paw)
 L - an uncursed ring of protection from fire
 M - a +3 ring of dexterity (right paw)
 Y - an uncursed amulet of harm {unknown}
 Z - an uncursed ring of protection from fire
Wands
 j - a wand of teleportation (5/9)
 o - a wand of digging (8/24)
 w - a wand of lightning (2/15)
 x - a wand of polymorph (12/24)
 C - a wand of enslavement (14/24)
 I - a wand of polymorph (3/24)
 K - a wand of disintegration (11/24)
 U - a wand of paralysis (8/24)
Scrolls
 c - 9 scrolls of magic mapping
 e - 3 scrolls of amnesia
 h - 11 scrolls of remove curse
 m - 10 scrolls of teleportation
 r - 3 scrolls of fog
 s - 5 scrolls of blinking
 A - 3 scrolls of fear
 H - a scroll of summoning
 N - 3 scrolls of silence
 S - 4 scrolls of recharging
 T - a scroll of holy word
 V - a scroll of identify
Potions
 g - 7 potions of agility
 l - 2 potions of invisibility
 n - 8 potions of curing
 q - 3 potions of flight
 t - 3 potions of cure mutation
 v - 2 potions of berserk rage
 z - 2 potions of lignification
 D - a potion of cancellation
 O - 7 potions of haste
 P - 2 potions of might
 Q - a potion of magic
 W - a potion of heal wounds
Books
 a - a book of Summonings

   Spells                             Type                      Level
   a - Recall                         Summoning/Translocation      3
   b - Aura of Abjuration             Summoning                    5
   c - Summon Demon                   Summoning                    5
   d - Summon Forest                  Summoning/Translocation      5
   e - Summon Mana Viper              Hexes/Summoning              5
   f - Shadow Creatures               Summoning                    6
 p - a book of Cantrips

   Spells                             Type                      Level
   a - Corona                         Hexes                        1
   b - Animate Skeleton               Necromancy                   1
   c - Summon Small Mammal            Summoning                    1
   d - Apportation                    Translocation                1
 E - a book of the Sky

   Spells                             Type                      Level
   a - Summon Lightning Spire         Summoning/Air                4
   b - Airstrike                      Air                          4
   c - Silence                        Hexes/Air                    5
   d - Deflect Missiles               Charms/Air                   6
   e - Conjure Ball Lightning         Conjuration/Air              6
   f - Tornado                        Air                          9
 G - a book of Enchantments

   Spells                             Type                      Level
   a - Cause Fear                     Hexes                        4
   b - Yara's Violent Unravelling     Hexes/Transmutation          5
   c - Silence                        Hexes/Air                    5
   d - Deflect Missiles               Charms/Air                   6
   e - Haste                          Charms                       6
   f - Discord                        Hexes                        8
 J - a book of Dreams

   Spells                             Type                      Level
   a - Ensorcelled Hibernation        Hexes/Ice                    2
   b - Silence                        Hexes/Air                    5
   c - Darkness                       Hexes                        6
   d - Mass Confusion                 Hexes                        6
   e - Shadow Creatures               Summoning                    6
Miscellaneous
 B - an ornate deck of destruction
Comestibles
 b - 7 meat rations
 k - 4 royal jellies
 u - a slice of pizza
 R - 3 beef jerkies


   Skills:
 - Level 6.2 Fighting
 + Level 13.7 Dodging
 - Level 18.6 Stealth
 - Level 6.3 Unarmed Combat
 - Level 13.3 Spellcasting
 - Level 22.1 Hexes
 - Level 10.0 Evocations


You had 4 spell levels left.
You knew the following spells:

 Your Spells              Type           Power        Failure   Level  Hunger
a - Corona                Hex            #######      0%          1    None
b - Ensorcelled Hibernat  Hex/Ice        ######       1%          2    None
c - Confuse               Hex            #######.     0%          3    None
d - Tukima's Dance        Hex            #######.     0%          3    None
e - Dazzling Spray        Conj/Hex       ######..     1%          3    None
f - Mass Confusion        Hex            #######...   1%          6    #####..
g - Silence               Hex/Air        ######....   1%          5    ###....
h - Discord               Hex            #######...   4%          8    #######
i - Summon Mana Viper     Hex/Summ       ######..     1%          5    ###....


Dungeon Overview and Level Annotations

Branches:
Dungeon (15/15)            Temple (0/1) D:7            Lair (8/8) D:9
 Shoals (0/4) Lair:3        Snake (4/4) Lair:6        Slime (0/6) Lair:7
    Orc (2/2) D:11            Elf (1/3) Orc:2        Vaults (0/5) D:13
 Depths (0/5) D:15

Altars:
Ashenzari
Dithmenos
Elyvilon
Fedhas
Kikubaaqudgha
Nemelex Xobeh
Okawaru
Pakellas
Qazlal
Sif Muna
Trog
The Shining One
Jiyva

Shops:
D:8 =   D:14 =   D:15 ?   Orc:2 (:[*   Snake:4 *[

Annotations:
Lair:2 Gastronok
Orc:2 Azrael


Innate Abilities, Weirdness & Mutations

You cannot wear armour.
You are incapable of wielding weapons or throwing items.
You have sharp claws.
You have razor-sharp teeth.
You have supernaturally acute eyesight.
You are carnivorous and can eat meat at any time.
You cover ground quickly.
Your thick and shaggy fur keeps you warm (AC +3, rC+).
You have a slow metabolism.
Your sharp claws are effective at attacking unaware monsters.
Your flesh is heat resistant.


Message History

Confirm with . or Enter, or press ? or * to list all spells.
Aiming: Dazzling Spray
Press: ? - help, Shift-Dir - straight line, f - shock serpent
Aim: a shock serpent (hasn't noticed you, umbra)
The spray of energy hits the shock serpent.
The shock serpent is moderately wounded.
The shock serpent hisses angrily.
The shock serpent is dazzled.
Your shadow mimicks your spell!
The shadow shard hits the shock serpent.
The shock serpent's electric aura discharges!
The shock serpent shoots out a bolt of lightning at you!
The bolt of electricity hits you!
You emit a cloud of dark smoke.
The shock serpent shoots out a bolt of lightning at you!
The bolt of electricity hits you!
* * * LOW HITPOINT WARNING * * *
You emit a cloud of dark smoke.
The shock serpent shoots out a bolt of lightning at you!
The bolt of electricity hits you!
You die...

........##...................,,,,
........##...................,,,,
........##..<................,,,,
........############'########****
.........###########.######******
................§§§.........,,,,,
...............§§§§.........,,,,,
...............§§§§.........,,,,,
...............§@§......<...,,,,,
............................,,,,,
.....................[......,,,,,
................S...........,,,,,
*#####+#############+#####.******
####**,*************,*****+******
...#*,,,,,,,,,,,,,,,,,,**,,,,,,,,
...#*,,,,,,,,,,,,,,,,,,**,,,,,,,,
...#*,,,,,,,,,,,,,,,,,,**,,,,,,,,


You could see a shock serpent (blind).

Vanquished Creatures
  Rupert (Lair:6)
  Frances (D:13)
  2 greater nagas (Snake:3)
  Kirke (D:12)
  2 orc warlords
  Aizul (Snake:1)
  A minotaur (Lab)
  3 naga warriors
  An orc knight (Orc:2)
  A yaktaur captain (D:9)
  Josephine (Lair:6)
  Harold (D:11)
  3 hydras
  The ghost of trantor the Severer, a journeyman MiFi of Okawaru (Orc:2)
  Erica (Lair:1)
  10 anacondas
  A catoblepas (Lair:6)
  2 dancing weapons
  A tengu warrior (D:9)
  A queen ant (Lair:1)
  4 death yaks (Lair:7)
  An orc high priest (Orc:1)
  3 shock serpents
  The ghost of
  1010011010 the Basher, a novice DgIE (D:10)
  Urug (D:13)
  5 naga sharpshooters
  A deep elf knight (D:9)
  2 salamander mystics
  4 unseen horrors
  4 naga ritualists
  2 necromancers
  2 hill giants
  7 deep elf magi
  5 mana vipers
  2 wizards (D:15)
  12 ugly things
  An oklob plant (Lair:8)
  2 griffons
  6 cyclopes
  2 orc sorcerers
  5 salamanders
  35 black mambas
  2 elephants (Lair:8)
  4 centaur zombies
  A guardian serpent (Snake:3)
  7 naga magi
  A torpor snail (Lair:5)
  An eye of devastation (shapeshifter) (D:13)
  3 gargoyles
  15 spiny frogs
  A kobold demonologist (D:15)
  A yaktaur (shapeshifter) (D:13)
  10 komodo dragons
  An efreet (D:14)
  3 fire drakes
  A two-headed ogre (D:9)
  5 polar bears
  6 trolls
  2 hornet zombies (D:15)
  A snapping turtle (shapeshifter) (D:15)
  20 blink frogs
  A shadow (D:13)
  A vampire (D:9)
  A tarantella (shapeshifter) (D:13)
  5 wraiths
  4 basilisks
  66 yaks
  3 fire elementals
  2 hungry ghosts
  13 hippogriffs
  Grum (Lair:1)
  Menkaure (D:5)
  10 wolves
  3 wargs
  22 nagas
  9 vampire mosquitoes
  19 soldier ants (Lair:1)
  14 water moccasins
  19 porcupines
  A swamp drake (Lair:8)
  3 sky beasts
  8 orc warriors
  16 ice beasts
  4 necrophages
  3 phantoms
  2 black bears
  11 centaurs
  5 ogres
  16 crocodiles
  4 big kobolds
  2 elf zombies (D:11)
  29 giant frogs
  A wyvern zombie (D:9)
  2 scorpions
  11 killer bees
  6 wights
  3 spriggan skeletons (D:9)
  3 crimson imps
  A giant frog zombie (D:8)
  A quasit (D:11)
  A wyvern simulacrum (D:14)
  3 human zombies (D:11)
  9 centaur skeletons
  4 hounds
  A wasp zombie (D:13)
  9 orc priests
  A human skeleton (D:11)
  2 jellies
  2 giant frog skeletons (D:4)
  Terence (D:3)
  12 iguanas
  23 orc wizards
  30 worker ants
  A killer bee zombie (D:7)
  44 sheep
  An ogre skeleton (D:11)
  2 mummies (D:11)
  3 worker ant zombies
  8 gnolls
  13 adders
  66 river rats
  2 shadow imps
  3 adder zombies
  2 adder skeletons
  7 worms
  5 giant geckos
  85 orcs
  2 giant cockroaches
  11 goblins
  5 hobgoblins
  14 jackals
  25 kobolds
  2 quokkas
  6 ball pythons
  5 bats
  A giant cockroach zombie (D:3)
  A giant gecko zombie (D:7)
  8 giant newts
  A jackal skeleton (D:3)
  An orc zombie (D:11)
  A quokka skeleton (D:6)
  3 rats
980 creatures vanquished.

Vanquished Creatures (collateral kills)
  Saint Roka (Orc:1)
  Maud (Orc:2)
  A naga warrior (Snake:3)
  3 orc high priests (Orc:2)
  3 hill giants
  4 orc knights (Orc:2)
  4 orc sorcerers
  2 salamanders
  A gargoyle (D:12)
  A guardian serpent (Snake:2)
  A naga mage (Snake:2)
  5 hogs (D:13)
  A soldier ant (Lair:1)
  3 nagas (Snake:2)
  17 orc warriors
  3 ogres
  3 wights (D:10)
  3 orc priests (Orc:2)
  4 orc wizards
  16 orcs
  2 kobolds (D:10)
79 creatures vanquished.

Vanquished Creatures (others)
  6 dancing weapons
  An orc warrior (Orc:2)
  2 centaurs
  A crocodile (Lair:8)
  An orc wizard (Orc:2)
  2 kobolds (Bailey)
  17 fungi
  10 plants
40 creatures vanquished.

Grand Total: 1099 creatures vanquished

Notes
Turn   | Place    | Note
--------------------------------------------------------------
     0 | D:1      | Duskembrace the Felid Enchanter began the quest for the Orb.
     0 | D:1      | Reached XP level 1. HP: 7/7 MP: 4/4
   289 | D:1      | Reached skill level 5 in Hexes
   293 | D:1      | Reached XP level 2. HP: 9/11 MP: 6/6
   297 | D:1      | Learned a level 2 spell: Ensorcelled Hibernation
  1194 | D:2      | Reached XP level 3. HP: 14/14 MP: 7/7
  1246 | D:2      | Reached skill level 5 in Stealth
  1370 | D:2      | Reached skill level 6 in Hexes
  1641 | D:3      | Reached XP level 4. HP: 10/18 MP: 8/8
  1884 | D:3      | Noticed Terence
  1893 | D:3      | Found a shadowy altar of Dithmenos.
  1901 | D:3      | Found a shattered altar of Ashenzari.
  1903 | D:3      | Became a worshipper of Dithmenos the Shadowed
  1905 | D:3      | Found a deep blue altar of Sif Muna.
  1909 | D:3      | Found a blossoming altar of Fedhas.
  1912 | D:3      | Found a sparkling altar of Nemelex Xobeh.
  1945 | D:3      | Killed Terence
  1958 | D:3      | Learned a level 3 spell: Confuse
  2247 | D:3      | Reached skill level 7 in Hexes
  2247 | D:3      | Reached XP level 5. HP: 21/21 MP: 9/9
  2889 | D:3      | Reached skill level 8 in Hexes
  2890 | D:3      | Reached * piety under Dithmenos
  3636 | D:3      | Gained mutation: You are covered in thick fur (AC +2). [Felid growth]
  3636 | D:3      | Reached XP level 6. HP: 14/24 MP: 10/10
  3675 | D:3      | Learned a level 3 spell: Tukima's Dance
  4653 | D:5      | Entered Level 5 of the Dungeon
  4653 | D:5      | Noticed Menkaure
  4663 | D:5      | Killed Menkaure
  4663 | D:5      | Reached skill level 9 in Hexes
  4699 | D:5      | Reached XP level 7. HP: 27/27 MP: 11/11
  4925 | D:5      | Reached skill level 10 in Hexes
  5112 | D:5      | Succumbed to a centaur's poison
  5113 | D:5      | Reached XP level 6. HP: 0/24 MP: 18/19
  5300 | D:6      | Reached ** piety under Dithmenos
  5503 | D:6      | Reached XP level 7. HP: 27/27 MP: 11/11
  6007 | D:7      | Reached skill level 11 in Hexes
  6262 | D:7      | Found a staircase to the Ecumenical Temple.
  6283 | D:7      | Reached XP level 8. HP: 31/31 MP: 12/12
  6768 | D:8      | Found an iron altar of Okawaru.
  6796 | D:8      | Reached skill level 5 in Dodging
  6952 | D:8      | Reached skill level 12 in Hexes
  7025 | D:8      | Found an oddly glowing altar of Pakellas.
  7077 | D:8      | Found a stormy altar of Qazlal.
  7101 | D:8      | Found Uzxyled's Jewellery Shoppe.
  7110 | D:8      | Bought an uncursed ring of stealth for 227 gold pieces
  7359 | D:9      | Reached *** piety under Dithmenos
  7363 | D:9      | Reached XP level 9. HP: 34/34 MP: 12/13
  7379 | D:9      | Reached skill level 10 in Stealth
  7512 | D:9      | Reached skill level 13 in Hexes
  7589 | D:9      | Found a staircase to the Lair.
  7590 | D:9      | Noticed a fire drake
  7598 | D:9      | Killed a fire drake
  7598 | D:9      | Reached skill level 5 in Unarmed Combat
  7643 | D:9      | Noticed a hill giant
  7651 | D:9      | Killed a hill giant
  7776 | Lair:1   | Entered Level 1 of the Lair of Beasts
  7776 | Lair:1   | Noticed a black mamba
  7791 | Lair:1   | Killed a black mamba
  7791 | Lair:1   | Reached skill level 14 in Hexes
  7885 | Lair:1   | Noticed Erica
  7901 | Lair:1   | Killed Erica
  7901 | Lair:1   | Reached XP level 10. HP: 29/37 MP: 13/14
  7934 | Lair:1   | Learned a level 3 spell: Dazzling Spray
  8269 | Lair:1   | Reached skill level 15 in Hexes
  8283 | Lair:1   | Noticed a queen ant
  8533 | Lair:1   | Reached **** piety under Dithmenos
  8628 | Lair:1   | Slain by a queen ant
  8629 | Lair:1   | Reached XP level 9. HP: -2/34 MP: 9/22
  8660 | Lair:1   | Reached skill level 16 in Hexes
  8688 | Lair:1   | Reached XP level 10. HP: 37/37 MP: 14/14
  8749 | Lair:1   | Noticed Grum
  8768 | Lair:1   | Killed Grum
  8769 | Lair:1   | Noticed a spiny frog
  8776 | Lair:1   | Killed a spiny frog
  9234 | Lair:2   | Reached skill level 10 in Dodging
  9246 | Lair:2   | Noticed an elephant
  9247 | Lair:2   | Noticed an elephant
  9248 | Lair:2   | Noticed an elephant
  9252 | Lair:2   | Noticed an elephant
  9261 | Lair:2   | Found a labyrinth entrance.
  9272 | Lab      | Entered a labyrinth
  9349 | Lab      | Noticed a minotaur
  9360 | Lab      | Killed a minotaur
  9360 | Lab      | Reached skill level 17 in Hexes
  9689 | Lair:2   | Reached XP level 11. HP: 25/40 MP: 15/15
 10291 | Lair:2   | Reached ***** piety under Dithmenos
 10337 | Lair:2   | Noticed Gastronok
 10573 | Lair:3   | Found a staircase to the Shoals.
 10647 | Lair:3   | Reached skill level 18 in Hexes
 10685 | Lair:3   | Noticed a griffon
 10702 | Lair:3   | Killed a griffon
 11721 | Lair:4   | Found a frozen archway.
 11740 | IceCv    | Entered an ice cave
 12286 | Lair:4   | Reached skill level 1 in Evocations
 12547 | Lair:4   | Gained mutation: Your thick and shaggy fur keeps you warm (AC +3, rC+). [Felid growth]
 12547 | Lair:4   | Reached XP level 12. HP: 44/44 MP: 18/18
 12553 | Lair:4   | Reached skill level 19 in Hexes
 12997 | Lair:5   | Learned a level 6 spell: Mass Confusion
 13800 | Lair:6   | Noticed a four-headed hydra
 13812 | Lair:6   | Killed a four-headed hydra
 13980 | Lair:6   | Noticed Rupert
 13993 | Lair:6   | Killed Rupert
 13993 | Lair:6   | Reached skill level 15 in Stealth
 14122 | Lair:6   | Reached skill level 5 in Spellcasting
 14150 | Lair:6   | Reached skill level 20 in Hexes
 14415 | Lair:6   | Found a staircase to the Snake Pit.
 14428 | Lair:6   | Reached XP level 13. HP: 35/47 MP: 17/21
 14513 | Lair:6   | Reached skill level 5 in Evocations
 14645 | Lair:6   | Noticed Josephine
 14702 | Lair:6   | Killed Josephine
 15180 | Lair:7   | Learned a level 5 spell: Silence
 15202 | Lair:7   | Found a staircase to the Slime Pits.
 15202 | Lair:7   | Found a viscous altar of Jiyva.
 15427 | Lair:8   | Entered Level 8 of the Lair of Beasts
 16104 | Lair:8   | Found a white marble altar of Elyvilon.
 17678 | Lair:1   | Reached XP level 14. HP: 51/51 MP: 23/24
 18468 | D:9      | Reached skill level 10 in Evocations
 18476 | D:9      | Found a runed door.
 18499 | D:9      | Reached skill level 1 in Fighting
 18524 | D:9      | Identified the Almanac of Hexes
 18598 | D:10     | Entered Level 10 of the Dungeon
 18739 | D:10     | Noticed 1010011010's ghost (novice DgIE)
 19088 | D:10     | Killed 1010011010's ghost
 19682 | D:11     | Found a staircase to the Orcish Mines.
 19690 | D:11     | Reached ****** piety under Dithmenos
 20019 | D:11     | Noticed Harold
 20023 | D:11     | Killed Harold
 20124 | D:11     | Found an ancient bone altar of Kikubaaqudgha.
 20604 | D:12     | Found a flagged portal.
 20615 | Bailey   | Entered a bailey
 20622 | Bailey   | Noticed an orc warlord
 20686 | Bailey   | Found a runed gate.
 20688 | Bailey   | Found a runed gate.
 20693 | Bailey   | Found a runed gate.
 20826 | Bailey   | Killed an orc warlord
 20846 | Bailey   | Gained mutation: Your flesh is heat resistant. [potion of beneficial mutation]
 21152 | D:12     | Reached skill level 5 in Fighting
 21890 | D:12     | Found a glowing golden altar of the Shining One.
 21967 | D:13     | Noticed Kirke
 21967 | D:13     | Noticed Urug
 21998 | D:13     | Killed Urug
 22016 | D:13     | Noticed a sphinx
 22038 | D:12     | Killed Kirke
 22276 | D:13     | Noticed Frances
 22284 | D:13     | Killed Frances
 22389 | D:13     | Found a bloodstained altar of Trog.
 22439 | D:13     | Identified a scroll of acquirement
 22664 | D:13     | Found a gate to the Vaults.
 23338 | D:14     | Reached XP level 15. HP: 63/63 MP: 27/27
 23558 | D:14     | Found Raalell's Jewellery Shop.
 24100 | D:15     | Entered Level 15 of the Dungeon
 24100 | D:15     | Found Wuyly Coum's Magic Scroll Shop.
 24105 | D:15     | Bought a scroll of blinking for 90 gold pieces
 24348 | D:15     | Learned a level 8 spell: Discord
 24827 | D:15     | Found a staircase to the Depths.
 25000 | D:15     | Reached skill level 10 in Spellcasting
 25526 | Orc:1    | Entered Level 1 of the Orcish Mines
 25531 | Orc:1    | Found a bloodstained altar of Trog.
 25677 | Orc:1    | Noticed an orc warlord
 25710 | D:11     | Killed an orc warlord
 26021 | Orc:2    | Entered Level 2 of the Orcish Mines
 26021 | Orc:2    | Noticed trantor's ghost (journeyman MiFi)
 26188 | Orc:2    | Noticed Maud
 26188 | Orc:2    | Noticed Saint Roka
 26214 | Orc:1    | Mangled by an orc warrior
 26215 | Orc:1    | Reached XP level 14. HP: -8/60 MP: 38/38
 26243 | Orc:1    | Killed Saint Roka
 26657 | Orc:2    | Killed Maud
 26877 | Orc:2    | Killed trantor's ghost
 27176 | Orc:2    | Noticed Azrael
 27185 | Orc:2    | Found a staircase to the Elven Halls.
 27328 | Orc:2    | Found Jeup's Weapon Boutique.
 27331 | Orc:2    | Found Xyqeim's Book Emporium.
 27372 | Orc:2    | Found Mipn's Assorted Antiques.
 27373 | Orc:2    | Found Ryxipoc's Antique Armour Emporium.
 27684 | Elf:1    | Entered Level 1 of the Elven Halls
 27697 | Elf:1    | Reached skill level 21 in Hexes
 28257 | Snake:1  | Entered Level 1 of the Snake Pit
 28265 | Snake:1  | Noticed Aizul
 28277 | Snake:1  | Killed Aizul
 28489 | Snake:1  | Reached XP level 15. HP: 63/63 MP: 31/31
 30242 | Snake:2  | Reached skill level 22 in Hexes
 30854 | Snake:3  | Noticed a greater naga
 30865 | Snake:3  | Killed a greater naga
 31221 | Snake:3  | Learned a level 5 spell: Summon Mana Viper
 31230 | Snake:3  | Noticed a greater naga
 31235 | Snake:3  | Killed a greater naga
 31446 | Snake:3  | Shot with an arrow by a naga sharpshooter
 31447 | Snake:3  | Reached XP level 14. HP: -16/60 MP: 31/32
 31545 | Snake:4  | Entered Level 4 of the Snake Pit
 31545 | Snake:4  | Found Guesukeuly's Assorted Antiques.
 31745 | Snake:4  | Found Qydus's Weapon Shop.
 32148 | Snake:4  | Found Ypateh's Antique Armour Shop.
 32162 | Snake:4  | Reached XP level 15. HP: 63/63 MP: 33/33
 32284 | Snake:4  | Killed from afar by a shock serpent

Vault maps used:
D:1:      zaba_arrival_water, serial_bayou_crossing
D:3:      minitemple, first_bread, serial_undead, serial_undead_b,
          serial_undead_a, serial_undead_d, serial_undead_d, uniq_terence
D:5:      uniq_menkaure
D:7:      minmay_temple_entry_statues_pillars
D:8:      johnstein_pakellas_dig, okawaru_trees_1, serial_shops,
          nicolae_shop_waterfront, david_defended_altar_elf
D:9:      minmay_lair_entry_lava, hangedman_tell_no_tales, minivault_13
D:11:     hiddenorc2_lemuel, lemuel_mausoleum_altar_kikubaaqudgha, uniq_harold
D:12:     serial_glass, glass_columns_b, glass_columns_a, enter_bailey_8,
          nicolae_tso_carved_into_rock
D:13:     david_vaults_2, trog_ov_bears_minmay, uniq_kirke, uniq_urug,
          uniq_frances
D:14:     serial_shops, shop, minmay_misc_feat_plants, hangedman_decor_growths
D:15:     grunt_enter_depths_magical_seal, serial_shops, shop,
          serial_park_avenue1
Lair:1:   beast_lair_carwin_large_3, minivault_29, uniq_grum, uniq_erica
Lair:2:   lab_entry_generic, beast_lair_carwin_8, bh_autumn_forest_stairs,
          uniq_gastronok
Lair:3:   elwin_shoals_entry_rocks
Lair:4:   portal_ice_cave_entry_ice_beasts, serial_bayou_shore_b
Lair:5:   grunt_megastairs_4, infiniplex_staircase_pool_2
Lair:6:   minmay_snake_entry_six_corridors, uniq_rupert, uniq_josephine
Lair:7:   slime_altar_1, beast_lair_carwin_10, serial_bayou_shore_b
Lair:8:   hangedman_lair_in_review, guppyfry_lair_end_dragon,
          lemuel_oklob_altar, lemuel_fruit_tree, infiniplex_staircase_pool
Snake:1:  serial_bayou_pond_b, library_closet, grunt_megastairs_1, uniq_aizul
Snake:3:  grunt_ministairs_8
Snake:4:  grunt_snake_rune_pools, serial_shops, shop_statue, shop,
          nicolae_shop_trees, serial_bayou_shore_a
Orc:1:    basic_altar
Orc:2:    st_orc_elflike, uniq_maud, uniq_azrael, uniq_saint_roka
Elf:1:    elf_arrival_002, serial_shops, shop_statue, minivault_28,
          minivault_19, uniq_roxanne
Lab:      lab_block, nicolae_lab_very_dead_end, nicolae_lab_lava,
          nicolae_lab_stuck
Bailey:   bailey_axe_bossmonster_kennysheep, bailey
IceCv:    ice_cave_statue_garden_02

Action                   |  1- 3 |  4- 6 |  7- 9 | 10-12 | 13-15 || total
-------------------------+-------+-------+-------+-------+-------++-------
Melee: Unarmed           |    61 |   176 |   162 |   318 |  1080 ||  1797
 Cast: Ensorcelled Hiber |    12 |    79 |    37 |   240 |   330 ||   698
       Confuse           |       |    21 |    28 |    20 |   116 ||   185
       Tukima's Dance    |       |     1 |     4 |     2 |    52 ||    59
       Dazzling Spray    |       |       |       |     8 |    29 ||    37
       Silence           |       |       |       |       |     1 ||     1
       Discord           |       |       |       |       |     1 ||     1
Invok: Shadow Step       |       |       |     1 |     4 |    11 ||    16
Evoke: Wand              |       |       |       |     2 |       ||     2
  Use: Scroll            |       |     8 |       |    16 |    15 ||    39
       Potion            |       |       |       |     1 |    10 ||    11
 Stab: Sleeping          |    24 |    53 |    55 |   236 |   440 ||   808
       Confused          |       |    18 |    16 |    13 |    98 ||   145
       Distracted        |       |       |       |       |     6 ||     6
       Invisible         |       |       |       |       |     6 ||     6
  Eat: Chunk             |     9 |    14 |    16 |    25 |    42 ||   106
